Map: [ESL] Site Delta

Players

SKillous - Winner!

  • Race: Protoss Protoss
  • League: Grandmaster
  • Spawn Location: 5:00

Spirit (souL)

  • Race: Terran Terran
  • League: Master
  • Spawn Location: 11:00

Event: HomeStory Cup XXIV

VOD

Have the link to the VOD?

Description

Time

  • Played on: Dec. 2, 2023, 7:57 a.m.
  • Length: 4:36

All games in this series

Show
View Real Time Build Order
Export as new Build Order

SKillous Protoss - Winner!

Build Orders:  

Get SALT Encoding   

  12  0:08  Pylon  
  12  0:13  Probe  
  13  0:26  Gateway  
  13  0:29  Probe (Chrono Boost)  
  14  0:36  Assimilator  
  14  0:41  Probe (Chrono Boost)  
  15  0:46  Assimilator  
  15  0:48  Probe  
  16  1:00  Probe  
  17  1:12  Probe  
  17  1:14  Cybernetics Core  
  17  1:17  Zealot  
  20  1:24  Probe  
  21  1:31  Pylon  
  21  1:36  Probe  
  22  1:47  Stalker (Chrono Boost)  
  22  1:50  Warp Gate  
  22  1:53  Probe  
  25  2:04  Stargate  
  26  2:09  Stalker (Chrono Boost)  
  27  2:15  Probe  
  27  2:22  Pylon  
  28  2:34  Gateway  
  30  2:55  Void Ray (Chrono Boost)  
  30  2:59  Gateway  
  30  3:04  Probe  
  31  3:25  Pylon  
  35  3:28  Void Ray  
  35  3:41  Stalker x2  
  39  3:54  Stalker  
  41  4:04  Stalker  
  41  4:05  Stalker  
  45  4:13  Pylon  
  44  4:29  Stalker  
Show
View Real Time Build Order
Export as new Build Order

Spirit Terran 

Build Orders: Reaper Expand 

Get SALT Encoding   

  12  0:00  SCV  
  13  0:12  SCV  
  14  0:17  Supply Depot  
  14  0:24  SCV  
  15  0:39  Barracks, SCV  
  16  0:43  Refinery  
  16  0:51  SCV  
  17  1:03  SCV  
  18  1:15  SCV  
  19  1:26  Reaper  
  19  1:27  Orbital Command  
  20  1:39  Command Center  
  20  1:47  Supply Depot  
  20  1:52  SCV  
  21  1:58  Marine  
  22  2:04  SCV  
  23  2:09  Factory  
  23  2:16  Bunker, SCV, Marine  
  23  2:22  Refinery  
  25  2:29  SCV  
  26  2:34  Marine  
  27  2:41  SCV  
  27  2:52  Orbital Command  
  27  2:53  Barracks Reactor, SCV  
  27  2:56  Starport  
  28  3:01  Widow Mine  
  28  3:05  SCV  
  31  3:17  SCV  
  31  3:18  SCV  
  33  3:22  Widow Mine  
  35  3:29  SCV, Supply Depot  
  35  3:30  SCV, Marine x2  
  35  3:32  Medivac  
  41  3:41  SCV  
  41  3:43  Widow Mine, SCV  
  41  3:47  Marine  
  46  3:50  Supply Depot, Marine  
  46  3:53  Barracks, SCV  
  48  3:56  SCV  
  48  3:59  Barracks  
  49  4:05  SCV, Engineering Bay  
  49  4:07  Starport Tech Lab  
  49  4:08  Factory Tech Lab  
  50  4:11  Marine, SCV  
  50  4:15  Marine  
  53  4:17  SCV  
Tags
 
Add a new tag
Caveats
  • Supply blocks, unpowered buildings, or Contaminate may cause inaccurate times.
  • Supply counts are checked every 10 seconds.